 Dungeon Crawl Stone Soup version 0.28.0-53-g5a82cb258f (webtiles) character file.

Game seed: 7043749536902404660

560 Infinimo the Skirmisher (level 7, -1/76 HPs)
             Began as an Ogre Berserker on June 4, 2022.
             Was a Priest of Trog.
             Slain by a white imp (5 damage)
             ... on level 5 of the Dungeon.
             The game lasted 00:05:04 (4757 turns).

Infinimo the Skirmisher (Ogre Berserker)            Turns: 4757, Time: 00:05:06

Health: -1/76      AC: -1    Str: 24    XL:     7   Next: 31%
Magic:  7/7        EV: 10    Int:  8    God:    Trog [***...]
Gold:   124        SH:  0    Dex:  8    Spells: 6/6 levels left

rFire   . . .      SeeInvis .   v - +5 dagger (venom)
rCold   . . .      Faith    +   (no shield)
rNeg    . . .      Spirit   .   b - +0 animal skin
rPois   .          Reflect  .   (helmet restricted)
rElec   .          Harm     .   i - scarf {shadows}
rCorr   .          Rampage  .   (gloves unavailable)
Will    .....                   (boots unavailable)
Stlth   +.........              f - amulet of faith
HPRegen 0.22/turn               (no ring)
MPRegen 0.10/turn               (no ring)

@: corroded, on berserk cooldown, slowed, very slow
A: large, unfitting armour, tough skin 1
a: Renounce Religion, Berserk, Trog's Hand


You were on level 5 of the Dungeon.
You worshipped Trog.
Trog was most pleased with you.
You visited 1 branch of the dungeon, and saw 5 of its levels.

You collected 124 gold pieces.

Inventory:

Hand Weapons
 e - a +0 mace of holy wrath
 v - a +5 dagger of venom (weapon)
Missiles
 r - 4 poisoned darts (quivered)
Armour
 b - a +0 animal skin (worn)
 i - a scarf of shadows (worn)
Jewellery
 f - an amulet of faith (around neck)
Wands
 u - a wand of flame (19)
Scrolls
 a - 4 scrolls of teleportation {unknown}
 g - a scroll of immolation {unknown}
 h - a scroll of vulnerability {unknown}
 m - 2 scrolls of fear
 n - 3 scrolls of identify {unknown}
Potions
 c - a potion of degeneration {unknown}
 d - 2 potions of haste {unknown}
 j - 2 potions of brilliance {unknown}
 k - 2 potions of attraction {unknown}
 l - 2 potions of lignification {unknown}
 o - a potion of flight {unknown}
 p - 3 potions of magic {unknown}
 q - a potion of curing {unknown}
 s - a potion of resistance {unknown}
 t - a potion of invisibility {unknown}


   Skills:
 + Level 6.3 Fighting
 * Level 5.6 Maces & Flails
 + Level 4.3 Dodging


You had 6 spell levels left.
You didn't know any spells.
Your spell library was empty.

Dungeon Overview and Level Annotations

Branches:
Dungeon (5/15)
 Temple: D:4-7

Altars:
Cheibriados
Vehumet
Wu Jian


Innate Abilities, Weirdness & Mutations

You are too large for most types of armour.
You have tough skin. (AC +1)


Message History

You puncture something! Something hits you.
You miss something. You barely miss something. Something hits you.
You miss something. Something hits you.
You miss something. You hit something. Trog accepts your kill.
Trog appreciates your killing of a magic user.
Reactivating autopickup.
You feel a bit more experienced.
You puncture the orc!
You kill the orc!
Trog accepts your kill. The orc hits you with a +0 short sword.
* * * LOW HITPOINT WARNING * * *
Items here: )) [ †.
You hit the orc but do no damage.
The orc is poisoned.
You are no longer berserk.
You are exhausted.
You feel yourself slow down.
You hit the orc but do no damage.
The orc looks as sick as possible!
The orc hits you with a +0 short sword!
* * * LOW HITPOINT WARNING * * *
The orc closely misses you.
You closely miss the orc.
The orc is lightly wounded.
The orc hits you with a +0 short sword.
* * * LOW HITPOINT WARNING * * *
You hit the orc.
The orc looks as sick as possible!
The orc is heavily wounded.
You kill the orc!
Trog accepts your kill.
You closely miss the white imp. The white imp gestures at you.
The puff of frost hits you!
* * * LOW HITPOINT WARNING * * *
The white imp hits you.
* * * LOW HITPOINT WARNING * * *
The white imp freezes you.
You die...

#####.............# #.#
......o.........### #.#
.......########## #.#
.......# ####.#
.....5.############....#
#####+#o.........##.####
#...o...####.##.#
###.###5# #.##)# #.# #@#
#.##[# #.# #.# #.##.#
#.###.####.##.#
#.....)..#.##.#
#####.#..#.##.#
###'##'##'########
#.....#.....#.....
#.....#.....#.####
+##+##'##'##'.#


You could see a white imp.

Vanquished Creatures
  Duvessa (D:5)
  Dowan (D:5)
  A centaur zombie (D:3)
  2 hounds (D:4)
  A bullfrog zombie (D:5)
  A jelly (D:5)
  A bullfrog skeleton (D:4)
  2 iguanas (D:4)
  An orc wizard (D:5)
  Robin (D:4)
  3 gnolls (D:3)
  An adder skeleton (D:4)
  A worm (D:3)
  A dart slug (D:1)
  9 orcs
  7 ball pythons
  6 endoplasms
  4 giant cockroaches
  15 goblins
  11 hobgoblins
  3 kobolds (D:3)
  A quokka (D:2)
  7 bats
  5 frilled lizards
  9 rats
95 creatures vanquished.

Notes
Turn   | Place    | Note
-------+----------+-------------------------------------------
     0 | D:1      | Infinimo the Ogre Berserker began the quest for the Orb.
     0 | D:1      | Reached XP level 1. HP: 24/24 MP: 1/1
    89 | D:1      | Reached XP level 2. HP: 32/32 MP: 2/2
  1037 | D:2      | Reached XP level 3. HP: 25/40 MP: 3/3
  1276 | D:2      | Found a snail-covered altar of Cheibriados.
  1314 | D:2      | Found a faded altar of an unknown god.
  1595 | D:2      | Reached ** piety under Trog
  2108 | D:3      | Reached XP level 4. HP: 49/49 MP: 4/4
  2476 | D:3      | Reached skill level 5 in Fighting
  2476 | D:3      | Reached XP level 5. HP: 53/57 MP: 5/5
  2737 | D:3      | Found an ornate altar of the Wu Jian Council.
  3068 | D:4      | Identified the +0 helmet "Xiarugg" {Harm rPois rF- Regen+}
  3068 | D:4      | Noticed Robin
  3271 | D:4      | Reached *** piety under Trog
  3272 | D:4      | Reached XP level 6. HP: 66/66 MP: 6/6
  3280 | D:4      | Killed Robin
  3673 | D:4      | Found a radiant altar of Vehumet.
  4193 | D:5      | Entered Level 5 of the Dungeon
  4234 | D:5      | Noticed Dowan
  4234 | D:5      | Noticed Duvessa
  4244 | D:5      | Killed Duvessa
  4245 | D:5      | Reached skill level 6 in Fighting
  4245 | D:5      | Reached skill level 5 in Maces & Flails
  4248 | D:5      | Killed Dowan
  4249 | D:5      | Reached XP level 7. HP: 32/75 MP: 7/7
  4597 | D:5      | Found a snail-covered altar of Cheibriados.
  4757 | D:5      | Slain by a white imp

Illustrated notes

Levels and vault maps discovered:
D:1:      ncdulo_wetmaze, layout_basic, minmay_unequal
D:2:      layout_basic, hellmonk_ecumenical_altar_heavens_door, basic_altar
D:3:      layout_basic, nicolae_overflow_crystal_walls, portal_sewer_entry_b,
          grunt_decor_cap, ebering_dispersal_statue_hall
D:4:      layout_loops_cross, vehumet_crystals, uniq_robin
D:5:      lemuel_insect_pit, layout_basic, mainiacjoe_overflow_24_doors,
          ebering_ghost_reflecting_pool, serial_shops, shop, uniq_menkaure,
          uniq_duvessa

Skill      XL: |  1  2  3  4  5  6 |
---------------+-------------------+-----
Maces & Flails | 3 4 5 |  5.6
Dodging        | 3 4 |  4.3
Fighting       | 5 6 |  6.3

Action                   |  1- 3 |  4- 6 |  7- 9 || total
-------------------------+-------+-------+-------++-------
Melee: Mace              |   111 |   187 |       ||   298
       Punch             |       |     3 |     1 ||     4
       Dagger            |       |       |    28 ||    28
Invok: Berserk           |     5 |     6 |     1 ||    12
       Trog's Hand       |       |     1 |       ||     1
  Use: Scroll            |     1 |       |       ||     1
 Stab: Sleeping          |     2 |       |       ||     2
Armor: Animal skin       |    36 |    51 |       ||    87
Dodge: Dodged            |    63 |    93 |     7 ||   163
